 Dungeon Crawl Stone Soup version 0.28-a0-620-g539b0f7ac7 (webtiles) character file.

Game seed: 3990226307767609247

129 siradein the Changer (level 4, -7/32 HPs)
             Began as a Demonspawn Transmuter on Oct 7, 2021.
             Mangled by a gnoll (11 damage)
             ... on level 3 of the Dungeon.
             The game lasted 00:03:05 (2665 turns).

siradein the Changer (Demonspawn Transmuter)        Turns: 2665, Time: 00:03:06

Health: -7/32      AC:  2    Str: 10    XL:     4   Next: 88%
Magic:  5/7        EV: 12    Int: 16    God:
Gold:   58         SH:  0    Dex: 13    Spells: 1/7 levels left

rFire   . . .      SeeInvis .     - Unarmed
rCold   . . .      Faith    .   (no shield)
rNeg    . . .      Spirit   .   a - +0 robe
rPois   .          Reflect  .   (helmet currently unavailable)
rElec   .          Harm     .   (no cloak)
rCorr   .          Rampage  .   (no gloves)
Will    .....                   (boots currently unavailable)
Stlth   +.........              (no amulet)
HPRegen 0.10/turn               (no ring)
MPRegen 0.10/turn               (no ring)

@: appendages, wereblooded
A: horns 2, talons 2, claws 1, spiny 1
a: End Transformation


You were on level 3 of the Dungeon.
You had temporarily grown beastly horns and talons.
You visited 1 branch of the dungeon, and saw 3 of its levels.

You collected 58 gold pieces.

Inventory:

Missiles
 h - 20 poisoned darts
Armour
 a - a +0 robe (worn)
 c - a +0 helmet (melded)
Scrolls
 d - a scroll of vulnerability {unknown}
 e - a scroll of immolation {unknown}
 f - a scroll of acquirement {unknown}
 i - a scroll of amnesia {unknown}
 k - a scroll of noise {unknown}
 m - a scroll of enchant armour {unknown}
 n - a scroll of teleportation {unknown}
Potions
 b - 2 potions of magic {unknown}
 g - a potion of degeneration {unknown}
 j - a potion of brilliance {unknown}
 l - a potion of might {unknown}


   Skills:
 - Level 1.0 Fighting
 - Level 1.7 Dodging
 - Level 2.6 Unarmed Combat
 - Level 2.0 Spellcasting
 + Level 4.7 Transmutations


You had one spell level left.
You knew the following spells:

 Your Spells              Type           Power      Damage    Failure   Level
a - Beastly Appendage     Tmut           32%        N/A       3%          1
b - Wereblood             Tmut           16%        N/A       4%          2
c - Spider Form           Tmut/Pois      4%         N/A       24%         3

Your spell library contained the following spells:

 Spells                   Type           Power      Damage    Failure   Level
 Ice Form                 Ice/Tmut       9%         N/A       61%         4


Dungeon Overview and Level Annotations

Branches:
Dungeon (3/15)

Altars:

Shops:
D:1 [


Innate Abilities, Weirdness & Mutations

You have temporarily grown beastly horns and talons.
You have sharp fingernails.
You are partially covered in sharp spines.


Message History

You howl as the wereblood boils in your veins!
The orc misses you.
An iguana comes into view.
You closely miss the orc. You claw the orc.
The orc is lightly wounded.
The orc closely misses you.
You closely miss the orc. You headbutt the orc.
You feel a bit better.
You kill the orc!
You scratch the gnoll. You claw the gnoll, but do no damage.
The gnoll is heavily wounded.
You howl as the wereblood boils in your veins!
The rat bites you.
The gnoll hits you with a +2 flail of protection!
You are too injured to fight recklessly!
You are too injured to fight recklessly!
Unknown command.
Your horns disappear.
Your talons disappear.
Your +0 helmet unmelds from your body.
You scratch the rat.
The rat is heavily wounded.
The rat is struck by your spines.
You feel a bit better.
You kill the rat!
Casting: Beastly Appendage (safe; 3% risk of failure)
Press: ? - help, Q - select action, (/) - cycle Dir - look around, f - activate You grow a pair of large bovine horns.
Your feet morph into talons.
Your +0 helmet melds into your body.
The gnoll hits you with a +2 flail of protection.
* * * LOW HITPOINT WARNING * * *
You closely miss the gnoll. You claw the gnoll. You headbutt the gnoll.
The gnoll is severely wounded.
The gnoll hits you with a +2 flail of protection.
* * * LOW HITPOINT WARNING * * *
You scratch the gnoll but do no damage. You claw the gnoll.
The gnoll is almost dead.
The gnoll closely misses you.
You barely miss the gnoll. Your headbutt misses the gnoll.
The gnoll is almost dead.
The gnoll is struck by your spines.
The gnoll hits you with a +2 flail of protection!
You die...

#.# #.# #.# #.# ##
#.# #.# #.#
#.#####.# ...
#.....#.#######
#.#
#####.#.......+
...
#.#.########.#.#.#
#.#.#######.......
#.#...@gSlo#
#.########))......
#.##########.#.#.#
#........# ...
#........# #.#
#........# ..#
#.......## ##
#.......#
#[......######


You could see an iguana, a gnoll, an orc and a ball python.

Vanquished Creatures
  A water moccasin skeleton (D:2)
  2 adders (D:2)
  2 worms (D:2)
  3 orcs (D:3)
  7 ball pythons (D:2)
  6 bats
  4 endoplasms
  4 giant cockroaches
  4 hobgoblins (D:2)
  7 kobolds
  2 frilled lizards
  8 goblins
  2 rats
52 creatures vanquished.

Notes
Turn   | Place    | Note
-------+----------+-------------------------------------------
     0 | D:1      | siradein the Demonspawn Transmuter began the quest for the
                  | Orb.
     0 | D:1      | Reached XP level 1. HP: 15/15 MP: 3/3
   139 | D:1      | Reached skill level 2 in Transmutations
   712 | D:1      | Found Maal's Antique Armour Emporium.
  1033 | D:2      | Gained mutation: You have sharp fingernails. [demonic
                  | ancestry]
  1033 | D:2      | Reached XP level 2. HP: 13/21 MP: 3/5
  1042 | D:2      | Learned a level 2 spell: Wereblood
  1339 | D:2      | Reached skill level 3 in Transmutations
  1343 | D:2      | Reached skill level 4 in Transmutations
  1343 | D:2      | Gained mutation: You are partially covered in sharp spines.
                  | [demonic ancestry]
  1343 | D:2      | Reached XP level 3. HP: 14/26 MP: 6/6
  1343 | D:2      | Reached XP level 4. HP: 18/32 MP: 7/7
  1595 | D:2      | Learned a level 3 spell: Spider Form
  2585 | D:3      | Found a faded altar of an unknown god.
  2665 | D:3      | Mangled by a gnoll

Illustrated notes

Levels and vault maps discovered:
D:1:      onia_arrival_mini_spirals, layout_basic, serial_shops, shop
D:2:      minmay_thinvault, layout_loops_ring, serial_bayou,
          serial_bayou_pond_c, serial_bayou_shore_a, serial_bayou_pond_b,
          serial_bayou_shore_b
D:3:      layout_basic, basic_ecumenical_altar, gammafunk_ghost_stat_death,
          st_stairs_10, kennysheep_cross_bottleneck

Skill      XL: |  1  2 |
---------------+-------+-----
Transmutations | 2 4 |  4.7
Fighting       | |  1.0
Dodging        | |  1.7
Unarmed Combat | |  2.6
Spellcasting   | |  2.0

Action                   |  1- 3 |  4- 6 || total
-------------------------+-------+-------++-------
Melee: Unarmed           |    37 |    66 ||   103
       Kick              |    11 |    17 ||    28
       Headbutt          |     5 |     7 ||    12
       Bite              |       |     2 ||     2
 Cast: Beastly Appendage |    11 |    22 ||    33
       Wereblood         |       |     3 ||     3
 Stab: Sleeping          |       |     1 ||     1
Armor: Robe              |     1 |    13 ||    14
Dodge: Dodged            |    16 |    28 ||    44

Table legend: (Time is in decaauts)
 A = Elapsed time spent in this place.
 B = Non-inter-level travel time spent in this place.
 C = Inter-level travel time spent in this place.
 D = Time resting spent in this place.
 E = Time spent auto-exploring this place.
 F = Levels seen in this place.
 G = Mean time per level.
                   A        B        C        D        E       F      G
               +--------+--------+--------+--------+--------+-----+--------+
         Total |   2677 |   2597 |     80 |      8 |   2228 |   3 |  892.3 |
       Dungeon |   2677 |   2597 |     80 |      8 |   2228 |   3 |  892.3 |
               +--------+--------+--------+--------+--------+-----+--------+

Top non-repeatable levels by time:
     D:2: 1564 daAuts
     D:1: 996 daAuts
     D:3: 117 daAuts
